 Dungeon Crawl Stone Soup version 0.28.0-43-g3370ac3207 (webtiles) character file.

Game seed: 17206550286326108421

170 pkoi the Ruffian (level 5, 0/41 HPs)
             Began as a Demigod Gladiator on Mar 27, 2022.
             Slain by a jelly (2 damage)
             ... on level 4 of the Dungeon.
             The game lasted 00:03:43 (5232 turns).

pkoi the Ruffian (Demigod Gladiator)                Turns: 5232, Time: 00:03:43

Health: 0/41       AC: -4    Str: 19    XL:     5   Next: 4%
Magic:  7/7        EV: 12    Int: 10    God:
Gold:   240        SH:  0    Dex: 15    Spells: 0/4 levels left

rFire   . . .      SeeInvis .     - Unarmed
rCold   . . .      Faith    .   (no shield)
rNeg    . . .      Spirit   .   a - +0 leather armour
rPois   .          Reflect  .   b - +0 helmet
rElec   .          Harm     .   (no cloak)
rCorr   .          Rampage  .   j - +0 pair of gloves
Will    .....                   p - +2 pair of boots
Stlth   +.........              (no amulet)
HPRegen 0.13/turn               (no ring)
MPRegen 0.10/turn               (no ring)

@: corroded
A: high MP 1, forlorn, divine attributes
a: no special abilities


You were on level 4 of the Dungeon.
You visited 1 branch of the dungeon, and saw 4 of its levels.

You collected 240 gold pieces.

Inventory:

Hand Weapons
 k - a +0 rapier
 m - a +2 war axe of electrocution
Missiles
 f - 2 throwing nets (quivered)
Armour
 a - a +0 leather armour (worn)
 b - a +0 helmet (worn)
 j - a +0 pair of gloves (worn)
 p - a +2 pair of boots (worn)
Scrolls
 c - a scroll of enchant armour {unknown}
 d - 2 scrolls of teleportation
 g - 2 scrolls of immolation
 h - 2 scrolls of identify
 i - a scroll of amnesia {unknown}
 l - a scroll of blinking {unknown}
Potions
 e - 3 potions of curing
 n - a potion of heal wounds {unknown}
 o - a potion of flight {unknown}


   Skills:
 + Level 2.2 Fighting
 - Level 1.7 Throwing
 + Level 3.1 Dodging
 * Level 5.0 Unarmed Combat


You couldn't memorise any spells.
You knew the following spells:

 Your Spells              Type           Power      Damage    Failure   Level
a - Olgreb's Toxic Radia  Pois           0%         N/A       99%         4

Your spell library contained the following spells:

 Spells                   Type           Power      Damage    Failure   Level
 Pain                     Necr           0%         1d4       41%         1
 Sting                    Tmut/Pois      0%         1d3       41%         1
 Poisonous Vapours        Pois/Air       0%         N/A       56%         2
 Agony                    Necr           0%         N/A       100%        5
 Excruciating Wounds      Necr           0%         N/A       100%        5


Dungeon Overview and Level Annotations

Branches:
Dungeon (4/15)
 Temple: D:4-7


Innate Abilities, Weirdness & Mutations

You have an increased reservoir of magic. (+10% MP)
You shall have no god before yourself.
Your divine heritage dramatically boosts your attributes as you level up.


Message History

The ufetubus hits you but does no damage.
The ufetubus barely misses you.
The ufetubus hits you but does no damage.
You closely miss the ufetubus. The ufetubus misses you.
The ufetubus barely misses you.
You closely miss the ufetubus.
The ufetubus hits you but does no damage.
The ufetubus barely misses you.
You barely miss the ufetubus. The ufetubus barely misses you. x4
You hit the ufetubus but do no damage.
The ufetubus hits you but does no damage.
The ufetubus hits you.
You hit the ufetubus.
The ufetubus is almost dead.
The ufetubus hits you but does no damage. x2
The ufetubus hits you. The ufetubus misses you.
You completely miss the ufetubus.
The ufetubus is almost dead.
The ufetubus barely misses you. The ufetubus misses you.
You hit the ufetubus.
You kill the ufetubus!
You hit the jelly. The acid corrodes you!
Your hands burn!
* * * LOW HITPOINT WARNING * * *
The jelly is moderately wounded.
The jelly hits you.
* * * LOW HITPOINT WARNING * * *
You are splashed with acid!
* * * LOW HITPOINT WARNING * * *
You hit the jelly. The acid corrodes you!
Your hands burn!
* * * LOW HITPOINT WARNING * * *
The jelly is heavily wounded.
The jelly hits you.
* * * LOW HITPOINT WARNING * * *
You are splashed with acid!
* * * LOW HITPOINT WARNING * * *
You hit the jelly but do no damage. The acid corrodes you!
Your hands burn!
* * * LOW HITPOINT WARNING * * *
The jelly is heavily wounded.
The jelly hits you.
You die...

#.# #.......# #.#
#.# #.......# #.#
#.# #.......# #.#
#.# #...J...# #.#
#.# #.......# #.#
#.# #.......# #.#
#.# #####.### #.#
##.############.#
#.#
#...........@J..#
#.#
#################
#.# #.# #.# #.#
#.. ###


You could see a jelly.

Vanquished Creatures
  A jelly (D:4)
  A hound skeleton (D:4)
  5 adders
  An ufetubus (D:4)
  A worm (D:4)
  4 dart slugs
  An orc (D:4)
  A ball python (D:1)
  4 bats
  7 endoplasms
  4 giant cockroaches
  6 goblins
  5 hobgoblins
  6 jackals
  4 kobolds (D:3)
  3 quokkas (D:3)
  5 frilled lizards
  A quokka skeleton (D:4)
  4 rats
64 creatures vanquished.

Vanquished Creatures (others)
  10 plants (D:4)
10 creatures vanquished.

Grand Total: 74 creatures vanquished

Notes
Turn   | Place    | Note
-------+----------+-------------------------------------------
     0 | D:1      | pkoi the Demigod Gladiator began the quest for the Orb.
     0 | D:1      | Reached XP level 1. HP: 17/17 MP: 3/3
   125 | D:1      | Reached skill level 3 in Unarmed Combat
   404 | D:1      | Reached XP level 2. HP: 22/24 MP: 4/4
  1503 | D:2      | Reached XP level 3. HP: 8/29 MP: 5/5
  1554 | D:2      | Reached skill level 4 in Unarmed Combat
  2925 | D:3      | Reached XP level 4. HP: 36/36 MP: 6/6
  4038 | D:4      | Noticed an ogre
  4689 | D:4      | Reached skill level 5 in Unarmed Combat
  4984 | D:4      | Reached XP level 5. HP: 37/41 MP: 7/7
  5096 | D:4      | Learned a level 4 spell: Olgreb's Toxic Radiance
  5232 | D:4      | HP: 2/41 [acid (1)]
  5232 | D:4      | Slain by a jelly

Illustrated notes

Levels and vault maps discovered:
D:1:      dpeg_arrival_central, layout_rooms, hellmonk_ecumenical_altar_blasted
D:2:      layout_basic, basic_altar
D:3:      layout_loops_ring, hangedman_decor_slide_cut
D:4:      layout_basic, grunt_temple_overflow_growth_and_decay,
          nicolae_elyvilon_temple_path

Skill      XL: |  1  2  3  4 |
---------------+-------------+-----
Unarmed Combat | 3 4 5 |  5.0
Fighting       | 2 |  2.2
Dodging        | 3 |  3.1
Throwing       | |  1.7

Action                   |  1- 3 |  4- 6 || total
-------------------------+-------+-------++-------
Melee: Unarmed           |   157 |   101 ||   258
       Punch             |     6 |     4 ||    10
Throw: Throwing net      |       |     3 ||     3
  Use: Scroll            |     3 |       ||     3
       Potion            |       |     2 ||     2
 Stab: Sleeping          |     2 |       ||     2
       Held in net/web   |       |     1 ||     1
Armor: Leather armour    |    49 |    41 ||    90
Dodge: Dodged            |    86 |    81 ||   167
